 Dungeon Crawl Stone Soup version 0.20.0-4-g10b340a (webtiles) character file.

277 Monsterracer the Cudgeler (level 6, -2/45 HPs)
             Began as a Minotaur Venom Mage on May 28, 2017.
             Slain by Edmund
             ... wielding a +3 dire flail of protection
              (6 damage)
             ... on level 4 of the Dungeon.
             The game lasted 00:07:56 (4080 turns).

Monsterracer the Cudgeler (Minotaur Venom Mage)     Turns: 4080, Time: 00:07:57

Health: -2/45      AC: 10    Str: 12    XL:     6   Next: 4%
Magic:  7/7        EV:  9    Int: 16    God:
Gold:   140        SH:  0    Dex: 13    Spells: 7/7 levels left

rFire    . . .     SeeInvis .   u - +1 morningstar
rCold    . . .     Gourm    .   (no shield)
rNeg     . . .     Faith    .   m - +0 chain mail
rPois    .         Spirit   .   (helmet restricted)
rElec    .         Reflect  .   (no cloak)
rCorr    .         Harm     .   (no gloves)
MR       .....                  h - +1 pair of boots
Stlth    ..........             p - amulet of rage
Regen    0.2/turn               k - +4 ring of intelligence
MPRegen  0.1/turn               s - +3 ring of evasion

@: berserk cooldown, slowed, very slow
A: retaliatory headbutt, hooves 1, horns 2, frail 1, evolution 1
a: Evoke Berserk Rage


You were on level 4 of the Dungeon.
You were very hungry.

You visited 1 branch of the dungeon, and saw 4 of its levels.

You collected 140 gold pieces.

Inventory:

Hand Weapons
 u - a +1 morningstar (weapon)
Missiles
 i - a throwing net (quivered)
Armour
 h - a +1 pair of boots (worn)
 m - a +0 chain mail (worn)
Jewellery
 k - a +4 ring of intelligence (left hand)
 p - an amulet of rage (around neck)
 s - a +3 ring of evasion (right hand)
Scrolls
 a - 2 scrolls of remove curse
 e - a scroll of enchant weapon
 l - a scroll of identify
Potions
 f - a potion of haste
 q - a potion of lignification
Comestibles
 c - a bread ration
 d - a royal jelly
 n - a chunk of flesh


   Skills:
 - Level 2.8 Fighting
 + Level 5.0 Maces & Flails
 - Level 2.2 Armour
 - Level 3.4 Dodging
 - Level 1.5 Stealth
 - Level 1.3 Spellcasting
   Level 0.6 Conjurations
   Level 2.1 Poison Magic


You had 7 spell levels left.
You didn't know any spells.

Dungeon Overview and Level Annotations

Branches:
Dungeon (4/15)
 Temple: D:4-7

Altars:
Kikubaaqudgha
Makhleb
Ru

Annotations:
D:2 1 runed door
D:4 Edmund


Innate Abilities, Weirdness & Mutations

You reflexively headbutt those who attack you in melee.
You have a pair of horns on your head.
You have large cloven feet.
You are frail. (-10% HP)
You evolve.


Message History

Edmund hits you with a dire flail of protection. x2
You hit Edmund. Your headbutt misses Edmund.
Edmund is moderately wounded.
Edmund hits you but does no damage.
Edmund hits you with a dire flail of protection!
You hit Edmund. Your headbutt misses Edmund.
Edmund is moderately wounded.
Edmund hits you with a dire flail of protection. x2
* * * LOW HITPOINT WARNING * * *
You sock Edmund! Your headbutt misses Edmund.
Edmund is heavily wounded.
Edmund hits you with a dire flail of protection!
* * * LOW HITPOINT WARNING * * *
Edmund hits you with a dire flail of protection.
* * * LOW HITPOINT WARNING * * *
There is an open door here.
You sock Edmund!
Edmund is severely wounded.
Edmund hits you with a dire flail of protection.
You die...

*,**,,.....* #.##.#,**,,,,,***
*,**,,.....#####....*,**,***,****
*,**,,............#**,#*,***,,,,*
*+**,,............#*#.#*,,,,***,*
,,,,,,............+...#****,* *,*
,,,,,,......Sg.:.....#* *,* *,*
,,,,**###....###)###.#* *,* *,*
,,,,* *#....* #@# *,,* *,* *,*
,,,,* #...S.**#@#**,,*** *,***,*
,,,,* #.....###_+,,,,,,***,,,,,*
,,,,* #.....###+#**,,,,,,*,,,***
,,,** #...#.* *,* *,,*,*,**,,*
,,,* #...#.***,***,,*,*,,,,,*
,,,* *,,,*,,,,,,,,,,*,*****,#
,,,* *******,,,,,,*,*,*####.#
*+** *,,,,,,*,*,*#<...# *,*
**********,,,,,,*,*,*######


You could see Edmund.

Vanquished Creatures
  2 orc priests (D:3)
  2 orc wizards (D:3)
  7 adders
  3 gnolls (D:4)
  An ooze (D:1)
  4 worms
  A leopard gecko (D:2)
  4 orcs (D:3)
  2 giant cockroaches
  7 goblins
  7 hobgoblins
  2 jackals (D:3)
  5 bats
  3 frilled lizards
  3 kobolds
  10 rats
63 creatures vanquished.

Notes
Turn   | Place    | Note
-------+----------+-------------------------------------------
     0 | D:1      | Monsterracer the Minotaur Venom Mage began the quest for the Orb.
     0 | D:1      | Reached XP level 1. HP: 14/14 MP: 1/1
    20 | D:1      | Gained mutation: You have large cloven feet. [potion of mutation]
    20 | D:1      | Gained mutation: You are frail. (-10% HP) [potion of mutation]
    20 | D:1      | Gained mutation: You evolve. [potion of mutation]
   338 | D:1      | Reached skill level 1 in Fighting
   757 | D:1      | Reached XP level 2. HP: 10/20 MP: 0/3
  1626 | D:2      | Reached XP level 3. HP: 23/26 MP: 4/4
  1768 | D:2      | Reached skill level 1 in Armour
  1898 | D:2      | Found a runed door.
  2013 | D:2      | Reached skill level 1 in Maces & Flails
  2518 | D:3      | Reached XP level 4. HP: 22/33 MP: 5/5
  2952 | D:3      | Reached skill level 2 in Maces & Flails
  3339 | D:3      | Reached XP level 5. HP: 37/39 MP: 6/6
  3445 | D:3      | Reached skill level 3 in Maces & Flails
  3525 | D:3      | Reached skill level 4 in Maces & Flails
  3743 | D:3      | Found an ancient bone altar of Kikubaaqudgha.
  3751 | D:3      | Found a sacrificial altar of Ru.
  4048 | D:4      | Found a burning altar of Makhleb.
  4052 | D:4      | Noticed Edmund
  4072 | D:4      | Reached skill level 5 in Maces & Flails
  4072 | D:4      | Reached XP level 6. HP: 45/45 MP: 7/7
  4080 | D:4      | Slain by Edmund

Skill      XL: |  1  2  3  4  5 |
---------------+----------------+-----
Fighting       | 1 2 |  2.8
Dodging        | 3 |  3.4
Armour         | 1 2 |  2.2
Maces & Flails | 1 2 5 |  5.0
Stealth        | |  1.5
Spellcasting   | |  1.3
Conjurations   | |  0.6
Poison Magic   | |  2.1

Action                   |  1- 3 |  4- 6 || total
-------------------------+-------+-------++-------
Melee: Dagger            |    53 |       ||    53
       Unarmed           |     6 |       ||     6
       Kick              |     3 |       ||     3
       Headbutt          |    14 |    10 ||    24
       Short sword       |    62 |    23 ||    85
       Club              |       |    20 ||    20
       Mace              |       |    36 ||    36
       Morningstar       |       |    35 ||    35
Throw: Throwing net      |     2 |       ||     2
 Cast: Sting             |     2 |       ||     2
 Abil: Evoke Berserk Rag |       |     2 ||     2
  Use: Potion            |     3 |     1 ||     4
       Scroll            |     1 |     7 ||     8
  Eat: Chunk             |     4 |     7 ||    11
Armor: Ring mail         |    16 |       ||    16
       Robe              |     1 |       ||     1
       Chain mail        |    29 |    52 ||    81
Dodge: Dodged            |    61 |    35 ||    96
